 Dungeon Crawl Stone Soup version 0.30-a0-4-ga7cffc901d (webtiles) character file.

Game seed: 16579002383361010005

18 Setbun the Firebug (level 2, 0/15 HPs)
             Began as a Deep Elf Fire Elementalist on Aug 20, 2022.
             Slain by a quokka (2 damage)
             ... on level 2 of the Dungeon.
             The game lasted 00:02:50 (1554 turns).

Setbun the Firebug (Deep Elf Fire Elementalist)     Turns: 1554, Time: 00:02:50

Health: 0/15       AC:  2    Str:  5    XL:     2   Next: 51%
Magic:  5/8        EV: 12    Int: 19    God:
Gold:   139        SH:  0    Dex: 15    Spells: 6/7 levels left

rFire   . . .      SeeInvis .    (no weapon)
rCold   . . .      Faith    .    (no shield)
rNeg    . . .      Spirit   .    a - +0 robe
rPois   .          Reflect  .    (no helmet)
rElec   .          Harm     .    (no cloak)
rCorr   .          Rampage  .    (no gloves)
Will    .....                    (no boots)
Stlth   ++........               (no amulet)
HPRegen 0.05/turn                (no ring)
MPRegen 0.11/turn                (no ring)

@: no status effects
A: no striking features
a: no special abilities


You were on level 2 of the Dungeon.
You visited 1 branch of the dungeon, and saw 2 of its levels.

You collected 139 gold pieces.

Inventory:

Armour
 a - a +0 robe (worn)
Scrolls
 c - 5 scrolls of identify {unknown}
 d - a scroll of immolation {unknown}
 e - a scroll of teleportation {unknown}
 f - a scroll of poison {unknown}
Potions
 b - a potion of magic
 g - a potion of lignification {unknown}


   Skills:
 - Level 2.6 Dodging
 - Level 2.6 Stealth
 + Level 3.3 Spellcasting
 + Level 1.5 Conjurations
 * Level 3.6 Fire Magic


You had 6 spell levels left.
You knew the following spells:

 Your Spells              Type           Power      Damage    Failure   Level
a - Foxfire               Conj/Fire      52%        2x1d6     4%          1

Your spell library contained the following spells:

 Spells                   Type           Power      Damage    Failure   Level
 Scorch                   Fire           34%        2d7       4%          2
 Conjure Flame            Conj/Fire      13%        6-21      16%         3
 Inner Flame              Hex/Fire       10%        N/A       21%         3
 Flame Wave               Conj/Fire      13%        2d6       45%         4


Dungeon Overview and Level Annotations

Branches:
Dungeon (2/15)

Altars:


Message History

There are monsters nearby!
There are monsters nearby!
There are monsters nearby!
Casting: Foxfire (safe; 4% risk of failure)
Press: ? - help, Q - select action Dir - look around, f - activate You conjure some foxfire!
Casting: Foxfire (safe; 4% risk of failure)
Press: ? - help, Q - select action Dir - look around, f - activate You conjure some foxfire!
The hobgoblin closely misses you.
You hit the hobgoblin but do no damage.
The foxfire hits the hobgoblin but does no damage.
The foxfire hits the hobgoblin.
The hobgoblin is moderately wounded.
The hobgoblin hits you.
Casting: Foxfire (safe; 4% risk of failure)
Press: ? - help, Q - select action Dir - look around, f - activate You conjure some foxfire!
The hobgoblin hits you.
You closely miss the hobgoblin.
The hobgoblin is moderately wounded.
The foxfire hits the hobgoblin but does no damage.
The hobgoblin is moderately wounded.
The foxfire hits the hobgoblin but does no damage.
The hobgoblin is moderately wounded.
The hobgoblin hits you.
Casting: Foxfire (safe; 4% risk of failure)
Press: ? - help, Q - select action Dir - look around, f - activate You conjure some foxfire!
The hobgoblin closely misses you.
Your foxfire dissipates!
The foxfire hits the hobgoblin.
You kill the hobgoblin!
There is an escape hatch in the floor here.
The quokka attacks as you move away! The quokka bites you.
* * * LOW HITPOINT WARNING * * *
The quokka attacks as you move away! The quokka barely misses you.
The quokka attacks as you move away! The quokka barely misses you.
The quokka bites you.
You die...

############
#.....^....#
#.########.# #. #.#
#.########.#####
#...>..r@..#...#
#.#######..#.#.###
...
.)........#...######
#...
........#####......#
#...
######....#...####.#
#...#######.(#.#.###
#.#
#............#...#
#.#
#..########.###.##
#.# #.# #.## #.#


You could see a quokka.

Vanquished Creatures
  3 endoplasms
  2 giant cockroaches (D:1)
  A hobgoblin (D:2)
  A quokka (D:1)
  2 ball pythons (D:1)
  2 bats (D:1)
  2 frilled lizards (D:1)
  3 kobolds (D:1)
  2 rats (D:1)
18 creatures vanquished.

Vanquished Creatures (others)
  60 foxfires
60 creatures vanquished.

Grand Total: 78 creatures vanquished

Notes
Turn   | Place    | Note
-------+----------+-------------------------------------------
     0 | D:1      | Setbun the Deep Elf Fire Elementalist began the quest for
                  | the Orb.
     0 | D:1      | Reached XP level 1. HP: 10/10 MP: 6/6
   625 | D:1      | Reached XP level 2. HP: 15/15 MP: 5/8
  1554 | D:2      | Slain by a quokka

Illustrated notes

Levels and vault maps discovered:
D:1:      dpeg_arrival_radiant, layout_basic
D:2:      layout_loops_ring, ebering_ecumenical_altar_sacrificial,
          grunt_ministairs_7

Action                   || total
-------------------------++-------
Melee: Unarmed           ||     8
 Cast: Foxfire           ||    45
Armor: Robe              ||     5
Dodge: Dodged            ||    29

Table legend: (Time is in decaauts)
 A = Elapsed time spent in this place.
 B = Non-inter-level travel time spent in this place.
 C = Inter-level travel time spent in this place.
 D = Time resting spent in this place.
 E = Time spent auto-exploring this place.
 F = Levels seen in this place.
 G = Mean time per level.
                   A        B        C        D        E       F      G
               +--------+--------+--------+--------+--------+-----+--------+
         Total |   1553 |   1494 |     59 |    186 |   1134 |   2 |  776.5 |
       Dungeon |   1553 |   1494 |     59 |    186 |   1134 |   2 |  776.5 |
               +--------+--------+--------+--------+--------+-----+--------+

Top non-repeatable levels by time:
     D:1: 1399 daAuts
     D:2: 154 daAuts
